 Dungeon Crawl Stone Soup version 0.22.0-27-ga576289 (webtiles) character file.

95 poirepourri the Magician (level 4, -1/30 HPs)
             Began as a Mummy Ice Elementalist on Aug 22, 2018.
             Slain by a worm (9 damage)
             ... on level 2 of the Dungeon.
             The game lasted 00:02:40 (2593 turns).

poirepourri the Magician (Mummy Ice Elementalist)   Turns: 2593, Time: 00:02:41

Health: -1/30      AC:  2    Str: 11    XL:     4   Next: 40%
Magic:  14/20      EV: 12    Int: 15    God:
Gold:   84         SH:  0    Dex: 12    Spells: 8/14 levels left

rFire    . . .     SeeInvis .   (no weapon)
rCold    + . .     Gourm    .   (no shield)
rNeg     + + +     Faith    .   a - +0 robe
rPois    ∞         Spirit   .   (no helmet)
rElec    .         Reflect  .   (no cloak)
rCorr    .         Harm     .   (no gloves)
MR       .....                  (no boots)
Stlth    ++........             (no amulet)
HPRegen  0.10/turn              c - ring of protection from fire
MPRegen  0.17/turn              d - ring of magical power

@: no status effects
A: no food or potions, fire vulnerability, cold resistance 1, negative energy
resistance 3, torment resistance, unbreathing
a: no special abilities


You were on level 2 of the Dungeon.
You were not hungry.

You visited 1 branch of the dungeon, and saw 3 of its levels.

You collected 84 gold pieces.

Inventory:

Armour
 a - a +0 robe (worn)
Jewellery
 c - a ring of protection from fire (left hand)
 d - a ring of magical power (right hand)


   Skills:
 - Level 1.5 Dodging
 - Level 1.5 Stealth
 + Level 5.8 Spellcasting
 - Level 0.7 Conjurations
 - Level 2.4 Ice Magic


You had 8 spell levels left.
You knew the following spells:

 Your Spells              Type           Power        Failure   Level  Hunger
a - Freeze                Ice            ##..         5%          1    N/A
b - Throw Frost           Conj/Ice       #.....       12%         2    N/A
c - Ozocubu's Armour      Chrm/Ice       #.......     26%         3    N/A

Your spell library contained the following spells:

 Spells                   Type           Power        Failure   Level  Hunger
 Throw Icicle             Conj/Ice       #.......     61%         4    N/A
 Summon Ice Beast         Ice/Summ       #.......     65%         4    N/A

Dungeon Overview and Level Annotations

Branches:
Dungeon (3/15)

Altars:

Annotations:
D:3 Ijyb


Innate Abilities, Weirdness & Mutations

You do not eat or drink.
Your flesh is vulnerable to fire.
You are immune to poison.
Your flesh is cold resistant. (rC+)
You are immune to negative energy. (rN+++)
You are immune to unholy pain and torment.
You can survive without breathing.


Message History

There is a stone staircase leading down here.
Unknown command.
Unknown command.
Casting: Freeze (safe; 5% risk of failure)
Confirm with . or Enter, or press ? or * to list all spells.
Aiming: Freeze (safe; 5% risk of failure)
Press: ? - help, Shift-Dir - straight line, f - kobold
Aim: a kobold, wielding a short sword You freeze the kobold.
The kobold is severely wounded.
The kobold closely misses you.
Casting: Freeze (safe; 5% risk of failure)
Confirm with . or Enter, or press ? or * to list all spells.
Aiming: Freeze (safe; 5% risk of failure)
Press: ? - help, Shift-Dir - straight line, f/p - kobold
Aim: a kobold, wielding a short sword (severely wounded)
You freeze the kobold.
You kill the kobold!
The worm bites you!
You die...

#.# ##....#.##.# #.#
#.##.#.##.# #.#
###.##.#.##.# #.#
#........##.#
#########.####........##.#
........#...##.##.....##.#
#..####.###.##.##.....##.#
###### #..####.#
#.##.#.).......# #.....
.>....#.###.....@.....####
#.####
..........####.w....###
#.# # #..#..#.#.# #......#
###.#### ........#.#
###...## #......#
#..##.###.# #...# #.#.##.#
#..##.# #.#
#...#######.#.##.# ......#
#.# #%........#.#....#
...####
#.######...#####.#......#
......#
#.#..............#......#


You could see a worm.

Vanquished Creatures
  A crimson imp (D:2)
  An adder (D:2)
  An ooze (D:2)
  A worm (D:2)
  2 dart slugs (D:1)
  4 bats
  A giant cockroach (D:2)
  9 goblins
  4 hobgoblins
  4 jackals (D:1)
  3 kobolds
  2 frilled lizards (D:2)
  3 rats
36 creatures vanquished.

Notes
Turn   | Place    | Note
-------+----------+-------------------------------------------
     0 | D:1      | poirepourri the Mummy Ice Elementalist began the quest for the Orb.
     0 | D:1      | Reached XP level 1. HP: 13/13 MP: 4/4
    76 | D:1      | Reached skill level 3 in Spellcasting
   380 | D:1      | Reached XP level 2. HP: 10/19 MP: 1/6
   625 | D:1      | Learned a level 2 spell: Throw Frost
   871 | D:1      | Reached skill level 4 in Spellcasting
  1471 | D:1      | Reached XP level 3. HP: 22/24 MP: 5/8
  1501 | D:1      | Learned a level 3 spell: Ozocubu's Armour
  1986 | D:2      | Reached skill level 5 in Spellcasting
  1986 | D:2      | Reached XP level 4. HP: 27/30 MP: 11/11
  2588 | D:3      | Noticed Ijyb
  2593 | D:2      | Slain by a worm

Skill      XL: |  1  2  3 |
---------------+----------+-----
Spellcasting   | 3 4 5 |  5.8
Dodging        | |  1.5
Stealth        | |  1.5
Conjurations   | |  0.7
Ice Magic      | |  2.4

Action                   |  1- 3 |  4- 6 || total
-------------------------+-------+-------++-------
Melee: Unarmed           |    10 |       ||    10
 Cast: Freeze            |    48 |    21 ||    69
       Throw Frost       |     2 |     7 ||     9
  Use: Scroll            |     1 |     4 ||     5
Armor: Robe              |    12 |     1 ||    13
Dodge: Dodged            |    41 |    15 ||    56
